 Dungeon Sprint DCSS version 0.28-a0-313-gbc0475efdd (webtiles) character file.

Game seed: 6150763798508266757

1104 Ankalagon the Severer (level 8, -9/67 HPs)
             Began as a Hill Orc Gladiator on Aug 31, 2021.
             Was an Initiate of Yredelemnul.
             Mangled by a hornet (10 damage)
             ... in the Dungeon (Sprint II: "The Violet Keep of Menkaure").
             The game lasted 00:03:07 (1031 turns).

Ankalagon the Severer (Hill Orc Gladiator)          Turns: 1031, Time: 00:03:07

Health: -9/67      AC:  3    Str: 17    XL:     8   Next: 32%
Magic:  8/8        EV: 13    Int: 11    God:    Yredelemnul [......]
Gold:   528        SH:  0    Dex: 14    Spells: 7/7 levels left

rFire   . . .      SeeInvis .   i - +1 war axe (freeze)
rCold   + . .      Faith    .   (no shield)
rNeg    . . .      Spirit   .   b - +0 leather armour
rPois   .          Reflect  .   c - +0 helmet
rElec   .          Harm     .   (no cloak)
rCorr   .          Rampage  .   f - +0 pair of gloves of Waobar {rC+ Int+3 Stlth+}
Will    .....      NoTele   +   (no boots)
Stlth   ++........              (no amulet)
HPRegen 0.21/turn               (no ring)
MPRegen 0.11/turn               (no ring)

@: hasted and slowed
A: deformed body
a: Renounce Religion


You were in the Dungeon.
You worshipped Yredelemnul.
Yredelemnul was noncommittal.
You visited 1 branch You collected 972 gold pieces.
You spent 444 gold pieces at shops.

Inventory:

Hand Weapons
 a - a +0 war axe
 i - a +1 war axe of freezing (weapon)
Missiles
 d - a throwing net (quivered)
Armour
 b - a +0 leather armour (worn)
 c - a +0 helmet (worn)
 f - the +0 pair of gloves of Waobar (worn) {rC+ Int+3 Stlth+}
   (You bought it in a shop in the Dungeon)

   Int:       It affects your intelligence (+3).
   rC:        It protects you from cold.
   Stlth:     It makes you more stealthy.
Potions
 h - 2 potions of magic


   Skills:
 + Level 4.8 Fighting
 - Level 20.2 Axes
 - Level 1.7 Throwing
 + Level 3.8 Dodging


You had 7 spell levels left.
You didn't know any spells.
Your spell library was empty.

Dungeon Overview and Level Annotations

Branches:
Dungeon (1/1)

Altars:
Cheibriados
Dithmenos
Elyvilon
Fedhas
Gozag
Hepliaklqana
Kikubaaqudgha
Makhleb
Nemelex Xobeh
Okawaru
Qazlal
Ru
Sif Muna
Trog
Uskayaw
Vehumet
Wu Jian
Xom
Yredelemnul
Zin
The Shining One
Beogh
Jiyva
Lugonu

Shops:
D =[:![:(!!(==?[*

Annotations:
D exclusions: door and oklob plant


Innate Abilities, Weirdness & Mutations

Armour fits poorly on your strangely shaped body.


Message History

The polar bear is lightly wounded.
The polar bear struggles against the net.
The polar bear bites you!
* * * LOW HITPOINT WARNING * * *
The polar bear claws you.
* * * LOW HITPOINT WARNING * * *
The polar bear closely misses you.
You hit the polar bear but do no damage.
The polar bear is lightly wounded.
You slash the polar bear!
You kill the polar bear!
Yredelemnul accepts your kill.
Your Fighting skill gained 2 levels and is now at level 4!
Your Dodging skill increases to level 3!
You feel better.
The polar bear struggles against the net.
The hornet barely misses you.
You hit the hornet but do no damage. You barely miss the polar bear.
The hornet stings you!
* * * LOW HITPOINT WARNING * * *
You feel yourself slow down.
Okay, then.
Unknown command.
Press < or > to pray at altars.
You catch the helpless polar bear completely off-guard!
You slash the polar bear!
The polar bear is moderately wounded.
You hit the hornet but do no damage.
The polar bear struggles against the net.
The hornet stings you.
* * * LOW HITPOINT WARNING * * *
You feel as though you will be slow longer.
You catch the helpless polar bear completely off-guard!
You hit the polar bear but do no damage.
The polar bear is moderately wounded.
You hit the hornet. You freeze the hornet.
The polar bear struggles against the net.
The hornet stings you!
You die...
Your body rises from the dead as a mindless zombie.

.##.# ...# ...# .#.####..##
#..# $#▓$!!?$)$ #+###.##..#
+..# .#▓)$[($("$ #.##...#..#
#..# .#▓)$$?(?)(
.<.'###+..####..##.#▓($?:$??)
#.##...#....###...##▓▓▓▓▓▓▓+
#+###.##......≈hcS≈≈≈≈≈≈≈≈≈.
...####≈§....§≈#y########+###
##..#≈≈≈§≈≈≈§.≈#@h_._..(#S§≈#
.####≈≈≈≈≈≈≈≈.≈#._._._._#S§§§
#'##≈≈≈≈≈≈§§§≈≈#_._._._.#§§≈§
≈≈≈≈≈≈§§≈≈≈≈§≈≈#._._._._#§§§§
+#+++#§§§§≈§§≈≈#.._._._.#≈≈≈≈
;;;§§##≈≈≈###≈≈#..._._._#§≈§
≈≈≈§≈≈# #≈≈#...._._.#§≈§§
≈≈§§≈§§+ #§≈#....._..#≈≈§≈
§§;≈§§## ≈≈##########§§§


You could see 2 polar bears, a yaktaur, a hornet and a water moccasin.

Vanquished Creatures
  A polar bear (D)
  2 wyverns (D)
  4 neqoxecs (D)
  A water moccasin (D)
  3 worms (D)
11 creatures vanquished.

Vanquished Creatures (others)
  Menkaure (D)
1 creature vanquished.

Grand Total: 12 creatures vanquished

Notes
Turn   | Place    | Note
-------+----------+-------------------------------------------
     0 | D        | Ankalagon the Hill Orc Gladiator began the quest for the
                  | Orb.
     0 | D        | Reached XP level 1. HP: 18/18 MP: 1/1
    12 | D        | Reached skill level 5 in Axes
    23 | D        | Reached skill level 6 in Axes
    23 | D        | Reached XP level 2. HP: 7/25 MP: 2/2
    23 | D        | Killed Menkaure
    25 | D        | Reached skill level 7 in Axes
   239 | D        | Noticed a boulder beetle
   239 | D        | Noticed a boulder beetle
   243 | D        | Noticed a neqoxec
   243 | D        | Noticed a neqoxec
   243 | D        | Noticed a neqoxec
   243 | D        | Noticed a neqoxec
   247 | D        | Killed a neqoxec
   248 | D        | Reached skill level 12 in Axes
   248 | D        | Reached XP level 3. HP: 30/30 MP: 3/3
   248 | D        | Reached XP level 4. HP: 37/37 MP: 4/4
   248 | D        | Reached XP level 5. HP: 42/42 MP: 5/5
   253 | D        | Killed a neqoxec
   254 | D        | Reached skill level 15 in Axes
   254 | D        | Reached XP level 6. HP: 50/50 MP: 6/6
   262 | D        | Killed a neqoxec
   263 | D        | Reached skill level 17 in Axes
   270 | D        | Gained mutation: Armour fits poorly on your strangely
                  | shaped body. [a neqoxec]
   274 | D        | Killed a neqoxec
   275 | D        | Reached skill level 18 in Axes
   275 | D        | Reached XP level 7. HP: 19/56 MP: 7/7
   480 | D        | Found Roratise's Jewellery Emporium.
   481 | D        | Found Xelop's Antique Weapon Emporium.
   481 | D        | Found Calyt's Distillery.
   482 | D        | Found Ryahun's Distillery.
   482 | D        | Found Ziuddaz's General Store.
   482 | D        | Found Biukk's Jewellery Shoppe.
   483 | D        | Found Qagoixiho's Weapon Shoppe.
   483 | D        | Found Feppac's Antique Armour Emporium.
   483 | D        | Found Anestou's Book Emporium.
   483 | D        | Found Oteul's Magic Scroll Shoppe.
   486 | D        | Found Xoas's Antique Armour Emporium.
   486 | D        | Found Rucim's Distillery.
   486 | D        | Noticed an ice dragon
   486 | D        | Noticed an oklob plant
   487 | D        | Found Salif's Antique Armour Shoppe.
   487 | D        | Found Motoor's Jewellery Emporium.
   487 | D        | Found Netrepto's Book Shoppe.
   487 | D        | Noticed a redback
   487 | D        | Noticed a redback
   522 | D        | Bought a pair of spiked gloves for 256 gold pieces
   522 | D        | Identified the +0 pair of gloves of Waobar {rC+ Int+3
                  | Stlth+} (You bought it in a shop in the Dungeon)
   531 | D        | Bought a runed war axe for 188 gold pieces
   554 | D        | Noticed a wyvern
   554 | D        | Noticed a wyvern
   564 | D        | Killed a wyvern
   565 | D        | Reached skill level 19 in Axes
   567 | D        | Killed a wyvern
   568 | D        | Reached skill level 20 in Axes
   568 | D        | Reached XP level 8. HP: 8/62 MP: 8/8
   995 | D        | Found an iron altar of Okawaru.
   995 | D        | Found an opulent altar of Gozag.
   996 | D        | Found a sparkling altar of Nemelex Xobeh.
   996 | D        | Found a blossoming altar of Fedhas.
   997 | D        | Found a radiant altar of Vehumet.
   997 | D        | Found a burning altar of Makhleb.
   997 | D        | Found a white marble altar of Elyvilon.
   998 | D        | Found a hide-covered altar of Uskayaw.
   998 | D        | Found a corrupted altar of Lugonu.
   998 | D        | Found a shadowy altar of Dithmenos.
   999 | D        | Found a glowing silver altar of Zin.
   999 | D        | Found a bloodstained altar of Trog.
   999 | D        | Found an ancient bone altar of Kikubaaqudgha.
  1000 | D        | Found a basalt altar of Yredelemnul.
  1000 | D        | Found a shimmering blue altar of Sif Muna.
  1000 | D        | Found a viscous altar of Jiyva.
  1001 | D        | Found a shimmering altar of Xom.
  1001 | D        | Found a sacrificial altar of Ru.
  1003 | D        | Found a glowing golden altar of the Shining One.
  1003 | D        | Found an ornate altar of the Wu Jian Council.
  1003 | D        | Found a stormy altar of Qazlal.
  1003 | D        | Found a snail-covered altar of Cheibriados.
  1003 | D        | Found a hazy altar of Hepliaklqana.
  1003 | D        | Noticed a hornet
  1003 | D        | Noticed a polar bear
  1004 | D        | Found a roughly hewn altar of Beogh.
  1004 | D        | Noticed a yaktaur
  1004 | D        | Noticed a polar bear
  1005 | D        | Noticed a polar bear
  1010 | D        | Became a worshipper of Yredelemnul the Dark
  1026 | D        | HP: 2/62 [polar bear (2)]
  1027 | D        | Killed a polar bear
  1031 | D        | Mangled by a hornet

Illustrated notes

Levels and vault maps discovered:
D:        the_violet_keep_of_menkaure [sprint2_stairs_cluster_1,
          sprint2_shoproom, sprint2_temple, sprint2_basic_supplies,
          sprint2_obstacle_7, sprint2_obstacle_6, sprint2_obstacle_5,
          sprint2_obstacle_3, sprint2_obstacle_1, sprint2_timed_cluster_1,
          sprint2_smallroom_cluster_1, sprint2_smallroom_final_cluster_1,
          sprint2_transparent_cluster_1, sprint2_second_timed_cluster_1,
          sprint2_sniper_area_1, sprint2_heavy_combat_area_1,
          sprint2_mutation_trap_area_1, sprint2_forest_area_1,
          sprint2_light_combat_area_1, sprint2_behind_water_1,
          sprint2_near_end_vault_1]

Skill      XL: |  1  2  3  4  5  6  7  8 |
---------------+-------------------------+-----
Axes           | 6 12 15 18 20 | 20.2
Fighting       | 4 |  4.8
Dodging        | 3 |  3.8
Throwing       | |  1.7

Action                   |  1- 3 |  4- 6 |  7- 9 || total
-------------------------+-------+-------+-------++-------
Melee: War axe           |    21 |    26 |    31 ||    78
Throw: Throwing net      |       |       |     2 ||     2
  Use: Potion            |     1 |     1 |     2 ||     4
       Scroll            |       |       |     1 ||     1
 Stab: Held in net/web   |       |       |     2 ||     2
Armor: Leather armour    |     2 |     1 |     5 ||     8
Dodge: Dodged            |     7 |     6 |    17 ||    30

Table legend: (Time is in decaauts)
 A = Elapsed time spent in this place.
 B = Non-inter-level travel time spent in this place.
 C = Inter-level travel time spent in this place.
 D = Time resting spent in this place.
 E = Time spent auto-exploring this place.
 F = Levels seen in this place.
 G = Mean time per level.
                   A        B        C        D        E       F      G
               +--------+--------+--------+--------+--------+-----+--------+
         Total |   1037 |   1035 |      2 |    780 |      0 |   1 | 1037.0 |
       Dungeon |   1037 |   1035 |      2 |    780 |      0 |   1 | 1037.0 |
               +--------+--------+--------+--------+--------+-----+--------+

Top non-repeatable levels by time:
       D: 1037 daAuts
